 Dungeon Crawl Stone Soup version 0.29-a0-233-g1125b37a9b (webtiles) character file.

Game seed: 13205997275033541316

193 avis the Ruffian (level 5, -1/45 HPs)
             Began as a Hill Orc Transmuter on Mar 2, 2022.
             Slain by an ogre
             ... wielding a +0 giant club
              (18 damage)
             ... on level 4 of the Dungeon.
             The game lasted 00:15:22 (3102 turns).

avis the Ruffian (Hill Orc Transmuter)              Turns: 3102, Time: 00:15:23

Health: -1/45      AC:  2    Str: 13    XL:     5   Next: 72%
Magic:  5/8        EV: 18    Int: 15    God:
Gold:   244        SH:  0    Dex: 16    Spells: 4/8 levels left

rFire   . . .      SeeInvis .     - Unarmed
rCold   . . .      Faith    .   (shield currently unavailable)
rNeg    . . .      Spirit   .   (body armour currently unavailable)
rPois   x          Reflect  .   (helmet currently unavailable)
rElec   .          Harm     .   (cloak currently unavailable)
rCorr   .          Rampage  .   (gloves currently unavailable)
Will    .....                   (boots currently unavailable)
Stlth   +.........              (no amulet)
HPRegen 0.15/turn               (no ring)
MPRegen 0.11/turn               (no ring)

@: spider-form (expiring)
A: venomous fangs, tiny
a: End Transformation


You were on level 4 of the Dungeon.
You were a venomous arachnid creature.
You visited 1 branch of the dungeon, and saw 4 of its levels.

You collected 244 gold pieces.

Inventory:

Hand Weapons
 h - a +0 hunting sling
 i - a +0 spear
 r - a +0 spear
Missiles
 b - 62 stones
 v - 2 javelins
Armour
 d - a +0 cloak
 f - a +0 pair of gloves (melded)
 g - a +2 cloak
 l - a +0 pair of boots (melded)
 p - a +2 robe of cold resistance (melded)
 s - a scarf of repulsion (melded)
 u - the +2 ring mail of the Stallion {Str+4}
   (You found it on level 3 of the Dungeon)

   Str:       It affects your strength (+4).
Jewellery
 t - an amulet of faith
Potions
 a - a potion of curing
 c - 2 potions of brilliance
 e - a potion of flight
 n - a potion of might
 o - a potion of berserk rage {unknown}
 w - a potion of heal wounds {unknown}
 x - a potion of ambrosia {unknown}


   Skills:
 - Level 3.0 Fighting
 - Level 1.5 Dodging
 * Level 4.9 Unarmed Combat
 - Level 2.0 Spellcasting
 - Level 2.0 Transmutations
 - Level 2.0 Poison Magic


You had 4 spell levels left.
You knew the following spells:

 Your Spells              Type           Power      Damage    Failure   Level
a - Beastly Appendage     Tmut           14%        N/A       24%         1
p - Spider Form           Tmut/Pois      7%         N/A       50%         3

Your spell library contained the following spells:

 Spells                   Type           Power      Damage    Failure   Level
 Wereblood                Tmut           7%         N/A       32%         2
 Ice Form                 Ice/Tmut       4%         N/A       93%         4


Dungeon Overview and Level Annotations

Branches:
Dungeon (4/15)
 Temple: D:4-7

Altars:
Dithmenos
Elyvilon

Shops:
D:3 (


Message History

The necrophage hits you but does no damage.
You hit the necrophage. You claw the necrophage.
You destroy the necrophage!
Your life force feels restored.
Your horns disappear.
Your talons disappear.
Your +0 pair of boots unmelds from your body.
You see here a necrophage corpse.
An ogre comes into view. It is wielding a +0 giant club.
The ogre shouts!
You see here a necrophage corpse.
You hear the slow rusting of a very distant drain.
Casting: Beastly Appendage (safe; 10% risk of failure)
Confirm with . or Enter, or press ? or * to list all spells.
The spell is quite dangerous to miscast (28% risk of failure)!
Continue anyway?
You turn into a venomous arachnid creature.
Your scarf of repulsion melds into your body.
Your +0 pair of gloves melds into your body.
Your +0 pair of boots melds into your body.
Your +2 robe of cold resistance melds into your body.
The haze of the repulsion field disappears.
You feel less resistant to cold.
You hit the ogre.
The ogre is poisoned.
The ogre is lightly wounded.
The ogre completely misses you.
You hit the ogre but do no damage.
The ogre is lightly wounded.
The ogre completely misses you.
You hit the ogre.
The ogre looks as sick as possible!
The ogre is moderately wounded.
You hit the ogre.
The ogre is heavily wounded.
Your transformation is almost over.
The ogre barely misses you.
You completely miss the ogre.
The ogre is severely wounded.
The ogre completely misses you.
You bite the ogre!
The ogre is almost dead.
The ogre hits you with a +0 giant club!!
You die...

...##.....## ...
...#.......# ...
...........# ###
##+........# #.#
#<.#.....# #.#
##.#.#...# #.#
#.#.#>.## #.# #.#.#.##
#s# #.#.### #O# #...#
#.#############
#.......#.....##
.......#............##
######.#####.###.....#
#.. ...# #....## ###
##### #.#.####
#.#.#...


You could see an ogre (extremely poisoned).

Vanquished Creatures
  A necrophage (D:4)
  Jessica (D:2)
  An iguana (D:4)
  4 adders
  2 worms
  5 bats
  6 endoplasms
  A giant cockroach (D:3)
  2 goblins
  3 hobgoblins
  2 kobolds
  3 quokkas
  4 ball pythons (D:1)
  2 frilled lizards (D:2)
  3 rats
40 creatures vanquished.

Notes
Turn   | Place    | Note
-------+----------+-------------------------------------------
     0 | D:1      | avis the Hill Orc Transmuter began the quest for the Orb.
     0 | D:1      | Reached XP level 1. HP: 16/16 MP: 3/3
   417 | D:1      | Reached XP level 2. HP: 23/23 MP: 2/4
  1045 | D:2      | Reached XP level 3. HP: 20/29 MP: 3/5
  1049 | D:2      | Learned a level 3 spell: Spider Form
  1176 | D:2      | Found a shadowy altar of Dithmenos.
  1304 | D:2      | Reached skill level 4 in Unarmed Combat
  1364 | D:2      | Noticed Jessica
  1368 | D:2      | Killed Jessica
  1369 | D:2      | Reached XP level 4. HP: 32/37 MP: 4/7
  1498 | D:2      | Found a faded altar of an unknown god.
  1932 | D:3      | Found Ahoh's Weapon Boutique.
  1983 | D:3      | Identified the +2 ring mail of the Stallion {Str+4}
  2372 | D:3      | Reached skill level 1 in Poison Magic
  2941 | D:4      | Reached XP level 5. HP: 42/45 MP: 4/8
  2997 | D:4      | Found a white marble altar of Elyvilon.
  3059 | D:4      | Noticed an ogre
  3102 | D:4      | Slain by an ogre

Illustrated notes

Levels and vault maps discovered:
D:1:      eino_arrival_cavern_d, layout_basic
D:2:      layout_loops_ring, basic_ecumenical_altar, basic_altar,
          nicolae_elevator_lobby_asterisk, uniq_jessica
D:3:      mumra_celtic_spiral_tile, layout_rooms, serial_shops, shop
D:4:      layout_loops_corners, elyvilon_altar_3, trog_book,
          serial_co_window_serial, co_window_paths_b, co_window_paths_a,
          co_window_of_opportunity_a, co_window_paths_a, co_window_paths_b,
          co_window_corner_cb, co_window_2corner, co_window_paths_c,
          co_window_broadway_a, co_window_sun, co_window_4corner_a,
          glass_columns_c, portal_sewer_entry_b

Skill      XL: |  1  2  3  4 |
---------------+-------------+-----
Transmutations | 2 |  2.0
Fighting       | 2 3 |  3.0
Unarmed Combat | 4 |  4.9
Spellcasting   | 2 |  2.0
Poison Magic   | 2 |  2.0
Dodging        | |  1.5

Action                   |  1- 3 |  4- 6 || total
-------------------------+-------+-------++-------
Melee: Unarmed           |    56 |    60 ||   116
       Kick              |    13 |    11 ||    24
       Headbutt          |     4 |     7 ||    11
 Cast: Beastly Appendage |    20 |    14 ||    34
       Spider Form       |       |     9 ||     9
  Use: Scroll            |       |     8 ||     8
 Stab: Sleeping          |       |     1 ||     1
Armor: Robe              |    10 |     7 ||    17
       Skin              |       |     3 ||     3
Dodge: Dodged            |    38 |    30 ||    68

Table legend: (Time is in decaauts)
 A = Elapsed time spent in this place.
 B = Non-inter-level travel time spent in this place.
 C = Inter-level travel time spent in this place.
 D = Time resting spent in this place.
 E = Time spent auto-exploring this place.
 F = Levels seen in this place.
 G = Mean time per level.
                   A        B        C        D        E       F      G
               +--------+--------+--------+--------+--------+-----+--------+
         Total |   3100 |   2827 |    273 |    537 |   1530 |   4 |  775.0 |
       Dungeon |   3100 |   2827 |    273 |    537 |   1530 |   4 |  775.0 |
               +--------+--------+--------+--------+--------+-----+--------+

Top non-repeatable levels by time:
     D:3: 1016 daAuts
     D:2: 959 daAuts
     D:1: 948 daAuts
     D:4: 176 daAuts
